 Dungeon Crawl Stone Soup version 0.27.1-2-g3b301248ec (webtiles) character file.

Game seed: 10418226357336139746

115044 bnorton916 the Devastator (level 16, -22/92 HPs)
             Began as a Deep Elf Conjurer on Oct 1, 2021.
             Was an Elder of Ashenzari.
             Killed from afar by a will-o-the-wisp (28 damage)
             ... with a foxfire
             ... on level 2 of the Swamp on Oct 3, 2021.
             The game lasted 01:38:19 (56047 turns).

bnorton916 the Devastator (Deep Elf Conjurer)      Turns: 56047, Time: 01:38:21

Health: -22/92     AC: 22    Str:  8    XL:     16   Next: 17%
Magic:  33/42      EV: 18    Int: 29    God:    Ashenzari [****..]
Gold:   1155       SH:  5    Dex: 13    Spells: 11/37 levels left

rFire    . . .     SeeInvis +   K - +7 quarterstaff "Garac" {flame, rC+ Will+ MP+9}
rCold    + . .     Faith    .   (shield currently unavailable)
rNeg     . . .     Spirit   .   L - +0 swamp dragon scales of the Fated Awkwardness {rPois, Fort, Bglg} (curse)
rPois    +         Reflect  +   k - +2 helmet "Chained Together" {Self, Fort} (curse)
rElec    .         Harm     .   i - +0 cloak "Pantheism of Ashenzari" {Cun, Bglg} (curse)
rCorr    .         Rampage  .   n - +1 pair of gloves of Ashenzari's Comet {Fort, Cun} (curse)
Will     ++...     Clarity  +   w - +0 pair of boots {Fly}
Stlth    +++.......             N - amulet "Pangnostic Omen" {Reflect SH+5, Self, Elem} (curse)
HPRegen  0.25/turn              U - ring of the Circumscribed Moon {EV+4 Str+2, Cun, Self} (curse)
MPRegen  0.28/turn              p - ring of Ashenzari's Stars {AC+4, Cun, Elem} (curse)

@: flying
A: no striking features
a: Renounce Religion, Curse Item, Shatter the Chains


You were on level 2 of the Swamp.
You worshipped Ashenzari.
Ashenzari was greatly pleased with you.
You visited 4 branches of the dungeon, and saw 25 of its levels.
You also visited: Ossuary.

You collected 2386 gold pieces.
You spent 1231 gold pieces at shops.

Inventory:

Hand Weapons
 K - the +7 quarterstaff "Garac" (weapon) {flame, rC+ Will+ MP+9}
   (You found it on level 3 of the Lair of Beasts)

   It burns those it strikes, dealing additional fire damage.
   rC:        It protects you from cold.
   MP:        It affects your magic capacity (+9).
   Will:      It increases your willpower.
Missiles
 r - a throwing net
Armour
 i - the cursed +0 cloak "Pantheism of Ashenzari" (worn) {Cun, Bglg}
   (You found it on level 2 of the Dungeon)

   It has a curse which improves the following skills: Cunning: Dodging and
   Stealth.
   Beguiling: Conjurations, Hexes and Translocations.
 k - the cursed +2 helmet "Chained Together" (worn) {Self, Fort}
   (You bought it in a shop on level 2 of the Orcish Mines)

   It has a curse which improves the following skills: Introspection: Fighting
   and Spellcasting.
   Fortitude: Armour and Shields.
 m - the +1 scale mail "Gaofeps" {rPois rC+ Int+4 Slay-3}
   (You bought it in a shop on level 2 of the Orcish Mines)

   Int:       It affects your intelligence (+4).
   Slay:      It affects your accuracy & damage with ranged weapons and melee
   (-3).
   rC:        It protects you from cold.
   rPois:     It protects you from poison.
 n - the cursed +1 pair of gloves of Ashenzari's Comet (worn) {Fort, Cun}
   (You found it on level 13 of the Dungeon)

   It has a curse which improves the following skills: Fortitude: Armour and
   Shields.
   Cunning:   Dodging and Stealth.
 w - a +0 pair of boots of flying (worn)
 L - the cursed +0 swamp dragon scales of the Fated Awkwardness (worn) {rPois, Fort, Bglg}
   (You took it off Maggie on level 6 of the Dungeon)

   rPois:     It protects you from poison.
   It has a curse which improves the following skills: Fortitude: Armour and
   Shields.
   Beguiling: Conjurations, Hexes and Translocations.
Magical Staves
 J - a staff of death
 X - a staff of conjuration
Jewellery
 c - the ring "Jymuj" {rF+ rC++ Str+4 Dex-4}
   (You found it on level 11 of the Dungeon)

   [ring of protection from fire]

   Str:       It affects your strength (+4).
   Dex:       It affects your dexterity (-4).
   rF:        It protects you from fire.
   rC:        It greatly protects you from cold.
 j - a +4 ring of slaying
 p - the cursed ring of Ashenzari's Stars (right hand) {AC+4, Cun, Elem}
   (You found it on level 3 of the Dungeon)

   [ring of protection]

   AC:        It affects your AC (+4).
   It has a curse which improves the following skills: Cunning: Dodging and
   Stealth.
   Elements:  Fire Magic, Ice Magic, Air Magic and Earth Magic.
 N - the cursed amulet "Pangnostic Omen" (around neck) {Reflect SH+5, Self, Elem}
   (You found it on level 7 of the Dungeon)

   [amulet of reflection]

   It reflects blocked missile attacks.
   SH:        It affects your SH (+5).
   It has a curse which improves the following skills: Introspection: Fighting
   and Spellcasting.
   Elements:  Fire Magic, Ice Magic, Air Magic and Earth Magic.
 U - the cursed ring of the Circumscribed Moon (left hand) {EV+4 Str+2, Cun, Self}
   (You found it on level 10 of the Dungeon)

   [ring of evasion]

   EV:        It affects your evasion (+4).
   Str:       It affects your strength (+2).
   It has a curse which improves the following skills: Cunning: Dodging and
   Stealth.
   Introspection: Fighting and Spellcasting.
Wands
 a - a wand of flame (24)
 o - a wand of paralysis (28)
 s - a wand of iceblast (9)
 G - a wand of acid (25)
 M - a wand of polymorph (55)
 Q - a wand of charming (8)
 S - a wand of digging (1)
Scrolls
 f - 5 scrolls of enchant weapon
 l - 4 scrolls of summoning
 q - a scroll of blinking
 t - a scroll of brand weapon
 u - 3 scrolls of magic mapping
 v - 5 scrolls of fog
 x - 8 scrolls of teleportation
 y - a scroll of holy word
Potions
 b - 7 potions of brilliance
 d - 3 potions of berserk rage
 e - a potion of cancellation
 g - 2 potions of might
 h - 17 potions of curing
 z - 5 potions of haste
 A - 2 potions of resistance
 B - 3 potions of magic
 E - 4 potions of lignification
 Z - 2 potions of heal wounds


   Skills:
 - Level 3.7(7.8) Fighting
 + Level 6.5 Staves
 - Level 5.5(10.0) Armour
 - Level 6.3(11.7) Dodging
 - Level 4.0(9.1) Stealth
 - Level 1.9(5.1) Shields
 - Level 6.5(11.0) Spellcasting
 - Level 16.6(19.5) Conjurations
 - Level 7.4(10.9) Hexes
 - Level 6.2(9.7) Translocations
 - Level 14.4(17.4) Fire Magic
 - Level 1.3(3.5) Air Magic
 + Level 14.7(17.7) Earth Magic
 - Level 4.2 Poison Magic
 - Level 4.0 Evocations


You had 11 spell levels left.
You knew the following spells:

 Your Spells              Type           Power      Damage    Failure   Level
a - Magic Dart            Conj           100%       1d8       0%          1
b - Searing Ray           Conj           100%       3d7       0%          2
c - Fulminant Prism       Conj/Hex       40%        3d20      1%          4
d - Iskenderun's Mystic   Conj/Tloc      79%        2d16      1%          4
e - Iron Shot             Conj/Erth      45%        9d9       1%          6
f - Starburst             Conj/Fire      44%        6d12      1%          6
g - Mephitic Cloud        Conj/Pois/Air  62%        N/A       1%          3

Your spell library contained the following spells:

 Spells                   Type           Power      Damage    Failure   Level
 Conjure Flame            Conj/Fire      89%        6-21      0%          3
 Ensorcelled Hibernation  Hex/Ice        98%        N/A       1%          2
 Slow                     Hex            68%        N/A       1%          2
 Confusing Touch          Hex            68%        N/A       1%          3
 Dazzling Flash           Conj/Hex       100%       N/A       1%          3
 Ignite Poison            Fire/Tmut/Pois 55%        N/A       1%          3
 Portal Projectile        Hex/Tloc       100%       N/A       1%          3
 Leda's Liquefaction      Hex/Erth       39%        N/A       1%          4
 Passage of Golubria      Tloc           N/A        N/A       1%          4
 Sticky Flame             Conj/Fire      89%        2d10      1%          4
 Bolt of Magma            Conj/Fire/Erth 44%        4d18      1%          5
 Fireball                 Conj/Fire      44%        3d18      1%          5
 Iskenderun's Battlesphe  Conj           92%        2d14      1%          5
 Beastly Appendage        Tmut           32%        N/A       9%          1
 Pain                     Necr           64%        1d7       9%          1
 Spider Form              Tmut/Pois      14%        N/A       11%         3
 Call Imp                 Summ           16%        N/A       12%         2
 Wereblood                Tmut           16%        N/A       12%         2
 Silence                  Hex/Air        27%        N/A       12%         5
 Call Canine Familiar     Summ           16%        N/A       24%         3
 Yara's Violent Unravell  Hex/Tmut       23%        3d10      24%         5
 Lehudib's Crystal Spear  Conj/Erth      45%        10d11     26%         8
 Statue Form              Tmut/Erth      40%        N/A       32%         6
 Summon Lightning Spire   Summ/Air       26%        N/A       36%         4
 Ignition                 Fire           43%        3d13      38%         8
 Ice Form                 Ice/Tmut       17%        N/A       58%         4
 Spellforged Servitor     Conj/Summ      32%        N/A       77%         7
 Agony                    Necr           16%        N/A       92%         5
 Excruciating Wounds      Necr           8%         N/A       92%         5
 Shadow Creatures         Summ           N/A        N/A       100%        6
 Storm Form               Tmut/Air       13%        N/A       100%        7
 Maxwell's Capacitive Co  Air            18%        ∞         100%        8
 Necromutation            Tmut/Necr      8%         N/A       100%        8


Dungeon Overview and Level Annotations

Branches:
Dungeon (15/15)            Temple (0/1) D:6            Lair (6/6) D:10
  Swamp (2/4) Lair:2       Spider (0/4) Lair:3        Slime (0/5) Lair:5
    Orc (2/2) D:12            Elf (0/3) Orc:2        Vaults (0/5) D:13
 Depths (0/5) D:15        Ossuary (visited)

Altars:
Ashenzari
Dithmenos
Makhleb
Okawaru
Qazlal
Ru
Vehumet
Zin
The Shining One
Beogh
Jiyva

Shops:
D:4 (   D:14 :   Orc:2 [([(:*!=

Annotations:
D:5 1 runed translucent door, Rickety's ghost, amateur HOFi
D:10 5 runed translucent doors, speeev33's ghost, journeyman HOFi
Lair:3 3 runed translucent doors, barney's ghost, journeyman DrTm


Message History

Confirm with . or Enter, or press ? or * to list all spells.
Aiming: Magic Dart (safe; 0% risk of failure)
Press: ? - help, Shift-Dir - straight line, f/p - will-o-the-wisp
Aim: a will-o-the-wisp (moderately damaged, 100% to hit)
The magic dart hits the swamp worm.
The swamp worm is lightly wounded.
The foxfire hits you!
Unknown command.
Casting: Magic Dart (safe; 0% risk of failure)
Confirm with . or Enter, or press ? or * to list all spells.
You can't see any susceptible monsters within range! (Use Z to cast anyway.) Unknown command.
The foxfire hits you!! x2
The swamp worm fires a harpoon shot at you.
The harpoon shot hits you!
You are yanked forward by the harpoon shot.
Found a stone staircase leading down.
Unknown command.
The swamp worm fires a harpoon shot at you.
The harpoon shot misses you.
The will-o-the-wisp gestures.
The will-o-the-wisp conjures some foxfire!
The swamp worm fires a harpoon shot at you.
The harpoon shot hits you!
* * * LOW HITPOINT WARNING * * *
You are yanked forward by the harpoon shot. 2 foxfires come into view.
Casting: Magic Dart (safe; 0% risk of failure)
Confirm with . or Enter, or press ? or * to list all spells.
You erupt in a blast of force!
The mystic blast hits the will-o-the-wisp!!
The will-o-the-wisp is severely damaged.
The will-o-the-wisp is knocked back by the mystic blast.
The mystic blast hits the swamp worm!!
The swamp worm is heavily wounded.
The swamp worm is knocked back by the mystic blast.
The foxfire hits you!
* * * LOW HITPOINT WARNING * * *
The foxfire hits you!!
You die...

, , * *.≈≈*≈,
* , , *>≈♣ ≈ ,
, *♣.≈♣♣ #, *
≈=♣w♣≈♣ ,,, ,
♣♣§§....♣ * *
♣♣§v§!^..# ,
♣♣♣.v§..≈..♣
♣♣♣♣§@.♣ ≈ ≈*
,*
♣♣♣♣..≈♣....≈♣
*
♣♣♣..♣♣♣♣≈...≈
, ≈ ,
♣♣<♣♣♣♣♣*
.≈≈.≈* ≈ ≈
♣♣♣♣♣♣ ≈≈..
≈≈*≈ ♣♣♣♣♣ ,
.. ≈ , ,,,., *
* ≈ ,* * * ,


You could see a will-o-the-wisp and a swamp worm.

Vanquished Creatures
  Roxanne (Swamp:1)
  Louise (Swamp:1)
  2 orc warlords (Orc:1)
  An eleionoma (Swamp:1)
  Josephine (D:10)
  A great orb of eyes (D:15)
  A ghost crab (Swamp:1)
  9 hydras
  A vault guard (D:13)
  5 boulder beetles
  6 centaur warriors
  A death knight (D:14)
  3 catoblepae (Lair:6)
  A two-headed ogre (D:13)
  21 death yaks
  3 orc high priests (Orc:2)
  Sonja (Lair:3)
  A fire crab (Lair:3)
  A goliath frog (Swamp:1)
  4 skeletal warriors (D:15)
  A swamp dragon (Swamp:1)
  2 bog bodies
  2 orange crystal statues (D:14)
  6 wizards
  3 necromancers (D:13)
  3 deep elf pyromancers
  4 orc sorcerers
  28 ugly things
  5 orc knights
  7 cyclopes
  A wolf spider (Orc:1)
  4 manticores
  6 black mambas
  An oklob plant (Lair:1)
  6 elephants (Lair:6)
  13 cane toads
  2 gargoyles
  Maggie (D:6)
  An unseen horror (D:11)
  3 rime drakes
  5 komodo dragons
  An efreet (D:15)
  A kobold demonologist (D:12)
  7 trolls
  A troll (shapeshifter) (D:15)
  2 bloated husks (Swamp:1)
  A tyrant leech (Lair:2)
  2 polar bears
  15 blink frogs
  Prince Ribbit (D:5)
  A blink frog (shapeshifter) (D:15)
  Grinder (D:3)
  19 slime creatures
  2 tarantellas (Orc:1)
  3 redbacks
  A vampire (D:11)
  18 humans (D:13)
  Sigmund (D:5)
  10 wyverns
  6 wraiths
  3 basilisks
  41 yaks
  4 wargs
  Edmund (D:5)
  Menkaure (D:6)
  4 acid dragons
  2 swamp worms (Swamp:1)
  12 water moccasins
  A sky beast (D:8)
  2 hornet zombies
  26 orc warriors
  An ice beast (D:7)
  3 black bears
  6 ogres
  4 boggarts (D:14)
  10 wolves
  8 centaurs
  3 phantoms
  9 bullfrogs
  A kobold brigand (D:10)
  A gnoll sergeant (D:10)
  3 scorpions
  5 killer bees
  12 wights
  2 electric eels (D:7)
  3 howler monkeys
  2 centaur zombies
  3 lava snakes (D:9)
  3 hounds
  A bullfrog zombie (D:3)
  4 bullfrog skeletons
  3 human zombies
  9 orc priests
  A centaur skeleton (D:6)
  Ijyb (D:3)
  3 iguanas
  2 hell rats (Lair:5)
  11 orc wizards
  5 mummies (Ossuary)
  Robin (D:4)
  11 gnolls
  9 adders
  A howler monkey skeleton (D:7)
  9 river rats (Lair:5)
  2 shadow imps (D:4)
  An ufetubus (D:6)
  An adder skeleton (D:4)
  6 dart slugs
  58 orcs
  3 ball pythons
  2 bats
  10 endoplasms
  4 giant cockroaches
  17 goblins
  15 hobgoblins
  10 kobolds
  3 quokkas
  3 frilled lizards
  2 gnoll zombies
  3 goblin zombies
  A hobgoblin zombie (Ossuary)
  2 kobold zombies
  An orc zombie (Ossuary)
  8 rats
  A bush (Lair:5)
662 creatures vanquished.

Vanquished Creatures (others)
  A bloated husk (Swamp:2)
  A spriggan (Swamp:2)
  A water elemental (D:10)
  2 bushes (Lair:5)
  5 foxfires (Swamp:2)
  133 fulminant prisms
  87 fungi
  100 plants
330 creatures vanquished.

Grand Total: 992 creatures vanquished

Notes
Turn   | Place    | Note
-------+----------+-------------------------------------------
     0 | D:1      | bnorton916 the Deep Elf Conjurer began the quest for the
                  | Orb.
     0 | D:1      | Reached XP level 1. HP: 10/10 MP: 6/6
    57 | D:1      | Found a faded altar of an unknown god.
   331 | D:1      | Reached XP level 2. HP: 15/15 MP: 3/8
   603 | D:1      | Learned a level 2 spell: Searing Ray
   876 | D:1      | Reached skill level 5 in Conjurations
   876 | D:1      | Reached XP level 3. HP: 19/19 MP: 7/10
  1670 | D:2      | Reached XP level 4. HP: 24/24 MP: 7/12
  2366 | D:3      | Reached skill level 5 in Spellcasting
  2729 | D:3      | Noticed Grinder
  2732 | D:3      | Paralysed by Grinder for 3 turns
  2741 | D:3      | Killed Grinder
  2742 | D:3      | Reached skill level 6 in Conjurations
  2742 | D:3      | Reached XP level 5. HP: 23/28 MP: 4/16
  2742 | D:3      | Reached XP level 6. HP: 27/32 MP: 4/17
  2747 | D:3      | Learned a level 4 spell: Fulminant Prism
  2752 | D:3      | Learned a level 4 spell: Iskenderun's Mystic Blast
  2925 | D:3      | Noticed Ijyb
  2931 | D:3      | Killed Ijyb
  2932 | D:3      | Reached skill level 1 in Hexes
  3296 | D:4      | Reached skill level 1 in Translocations
  3332 | D:4      | Found a sand-covered staircase.
  3516 | Ossuary  | Entered an ossuary
  3570 | Ossuary  | Reached XP level 7. HP: 30/36 MP: 6/18
  5671 | D:4      | Found a transporter.
  5671 | D:4      | Found a transporter.
  5743 | D:4      | Found Runuotzy's Weapon Shop.
  6042 | D:4      | Noticed Robin
  6063 | D:4      | Killed Robin
  6500 | D:4      | Found a sacrificial altar of Ru.
  6690 | D:4      | Reached skill level 5 in Hexes
  7450 | D:4      | Learned a level 3 spell: Mephitic Cloud
  7777 | D:5      | Entered Level 5 of the Dungeon
  7781 | D:5      | Reached skill level 1 in Poison Magic
  8276 | D:5      | Reached XP level 8. HP: 40/41 MP: 10/19
  8387 | D:5      | Noticed Prince Ribbit
  8413 | D:5      | Killed Prince Ribbit
  8414 | D:5      | Reached skill level 5 in Translocations
  8586 | D:5      | Noticed Sigmund
  8591 | D:5      | Killed Sigmund
  8780 | D:5      | Found a shadowy altar of Dithmenos.
  8783 | D:5      | Found a broken altar of Ashenzari.
  8936 | D:5      | Became a worshipper of Ashenzari the Shackled
  9210 | D:5      | Found a runed translucent door.
  9215 | D:5      | Noticed Rickety's ghost (amateur HOFi)
  9393 | D:6      | Noticed Edmund
  9402 | D:5      | Killed Edmund
  9403 | D:5      | Reached skill level 1 in Armour
  9596 | D:6      | Reached XP level 9. HP: 45/45 MP: 3/20
 10015 | D:6      | Noticed Menkaure
 10021 | D:6      | Killed Menkaure
 10022 | D:6      | Reached skill level 5 in Dodging
 10028 | D:6      | Noticed Maggie
 10217 | D:6      | Killed Maggie
 11036 | D:6      | Found a staircase to the Ecumenical Temple.
 11314 | D:6      | Found an iron altar of Okawaru.
 11340 | D:6      | Reached * piety under Ashenzari
 11387 | D:6      | Found a glowing silver altar of Zin.
 11673 | D:7      | Reached skill level 1 in Air Magic
 11697 | D:7      | Learned a level 6 spell: Starburst
 11726 | D:7      | Found a stormy altar of Qazlal.
 12184 | D:7      | Reached skill level 1 in Fire Magic
 12184 | D:7      | Reached skill level 1 in Evocations
 13133 | D:7      | Found a burning altar of Makhleb.
 13227 | D:7      | Reached ** piety under Ashenzari
 13577 | D:8      | Noticed a boulder beetle
 14054 | D:8      | Reached XP level 10. HP: 51/51 MP: 13/24
 14235 | D:8      | Reached skill level 1 in Fighting
 14934 | D:9      | Noticed a boulder beetle
 15429 | D:9      | Reached skill level 5 in Fire Magic
 15711 | D:9      | Killed a boulder beetle
 16421 | D:9      | Found a glowing golden altar of the Shining One.
 16896 | D:10     | Entered Level 10 of the Dungeon
 16905 | D:10     | Noticed Josephine
 17182 | D:10     | Killed Josephine
 17812 | D:10     | Reached XP level 11. HP: 63/63 MP: 16/25
 17995 | D:10     | Identified Sif Muna's Papyrus of Nocuous Transformation
 18055 | D:10     | Reached skill level 7 in Conjurations
 18560 | D:10     | Found a staircase to the Lair.
 18584 | D:10     | Identified the ring "Lycvac" {EV+4 Str+2}
 18909 | D:10     | Found a runed translucent gate.
 18909 | D:10     | Found a runed translucent gate.
 18910 | D:10     | Found a runed translucent gate.
 18919 | D:10     | Found a radiant altar of Vehumet.
 19184 | D:10     | Found a large runed translucent door.
 19184 | D:10     | Found a large runed translucent door.
 19283 | D:10     | Noticed speeev33's ghost (journeyman HOFi)
 19655 | D:11     | Reached skill level 5 in Armour
 19905 | D:11     | Reached skill level 10 in Fire Magic
 20030 | D:11     | Noticed a white ugly thing
 20037 | D:11     | Killed a white ugly thing
 20038 | D:11     | Reached skill level 8 in Conjurations
 20075 | D:11     | Noticed a four-headed hydra
 20091 | D:11     | Killed a four-headed hydra
 20443 | D:11     | Identified the ring "Jymuj" {rF+ rC++ Str+4 Dex-4}
 20996 | Lair:1   | Entered Level 1 of the Lair of Beasts
 21468 | Lair:1   | Identified a scroll of acquirement
 21498 | Lair:1   | Reached *** piety under Ashenzari
 21768 | Lair:1   | Noticed a seven-headed hydra
 21784 | Lair:1   | Killed a seven-headed hydra
 21785 | Lair:1   | Reached skill level 9 in Conjurations
 22320 | Lair:1   | Noticed an oklob plant
 22326 | Lair:1   | Killed an oklob plant
 22518 | Lair:2   | Acquired a staff of conjuration
 22541 | Lair:2   | Found a staircase to the Swamp.
 22543 | Lair:2   | Noticed a bog body
 22561 | Lair:2   | Killed a bog body
 22894 | Lair:2   | Reached XP level 12. HP: 64/68 MP: 9/26
 23216 | Lair:2   | Reached skill level 10 in Conjurations
 23391 | Lair:2   | Noticed a seven-headed hydra
 23398 | Lair:2   | Killed a seven-headed hydra
 24517 | Lair:3   | Reached skill level 1 in Shields
 25113 | Lair:3   | Found a runed translucent gate.
 25113 | Lair:3   | Found a runed translucent gate.
 25113 | Lair:3   | Found a runed translucent gate.
 25117 | Lair:3   | Noticed barney's ghost (journeyman DrTm)
 25120 | Lair:3   | Found a viscous altar of Jiyva.
 25644 | Lair:3   | Reached skill level 11 in Conjurations
 25972 | Lair:3   | Identified the +7 quarterstaff "Garac" {flame, rC+ Will+
                  | MP+9}
 25975 | Lair:3   | Found a hole to the Spider Nest.
 26110 | Lair:3   | Noticed Sonja
 26117 | Lair:3   | Killed Sonja
 26692 | Lair:4   | Noticed a five-headed hydra
 26703 | Lair:4   | Killed a five-headed hydra
 26704 | Lair:4   | Reached skill level 1 in Earth Magic
 27337 | Lair:4   | Reached **** piety under Ashenzari
 27741 | Lair:5   | Identified the +7 plate armour of the Skies Above {Harm}
 28093 | Lair:5   | Noticed a seven-headed hydra
 28099 | Lair:5   | Killed a seven-headed hydra
 28242 | Lair:5   | Noticed a death yak
 28243 | Lair:5   | Noticed a death yak
 28246 | Lair:5   | Noticed a death yak
 28249 | Lair:5   | Noticed a death yak
 28250 | Lair:5   | Noticed a death yak
 28259 | Lair:5   | Noticed a death yak
 28260 | Lair:5   | Noticed a death yak
 28260 | Lair:5   | Noticed a death yak
 28272 | Lair:5   | Killed a death yak
 28273 | Lair:5   | Killed a death yak
 28274 | Lair:5   | Reached skill level 12 in Conjurations
 28274 | Lair:5   | Reached XP level 13. HP: 74/76 MP: 3/29
 28657 | Lair:5   | Reached skill level 5 in Earth Magic
 30430 | Lair:5   | Found a staircase to the Slime Pits.
 30430 | Lair:5   | Found a viscous altar of Jiyva.
 30641 | Lair:6   | Entered Level 6 of the Lair of Beasts
 30835 | Lair:6   | Reached skill level 13 in Conjurations
 33538 | Lair:6   | Reached XP level 14. HP: 70/80 MP: 19/30
 34623 | Lair:6   | Reached skill level 14 in Conjurations
 36251 | D:12     | Found a staircase to the Orcish Mines.
 36714 | D:12     | Reached skill level 10 in Earth Magic
 38351 | Orc:1    | Entered Level 1 of the Orcish Mines
 38422 | Orc:2    | Entered Level 2 of the Orcish Mines
 38422 | Orc:2    | Found Oskaodis's Jewellery Boutique.
 38548 | Orc:2    | Noticed an orc warlord
 38792 | Orc:1    | Killed an orc warlord
 39127 | Orc:2    | Reached skill level 15 in Conjurations
 39307 | Orc:2    | Found Hoppyag's General Store.
 39307 | Orc:2    | Found Kobritan's Distillery.
 39321 | Orc:2    | Bought a potion of cancellation for 144 gold pieces
 39321 | Orc:2    | Bought a potion of resistance for 180 gold pieces
 39785 | Orc:2    | Found Plog's Book Emporium.
 39793 | Orc:2    | Bought a book of Power for 462 gold pieces
 39800 | Orc:2    | Learned a level 6 spell: Iron Shot
 39816 | Orc:2    | Found Ethrohaa's Weapon Emporium.
 39862 | Orc:2    | Found Lary's Antique Armour Emporium.
 39867 | Orc:2    | Found a staircase to the Elven Halls.
 39869 | Orc:2    | Bought a glowing helmet for 157 gold pieces
 40149 | Orc:2    | Found Juolege's Antique Weapon Boutique.
 40180 | Orc:2    | Found Tacumy's Antique Armour Boutique.
 41488 | Orc:1    | Noticed an orc warlord
 42288 | Orc:1    | Killed an orc warlord
 43250 | Orc:2    | Bought an ichor-stained scale mail for 288 gold pieces
 43250 | Orc:2    | Identified the +1 scale mail "Gaofeps" {rPois rC+ Int+4
                  | Slay-3} (You bought it in a shop on level 2 of the Orcish
                  | Mines)
 43600 | D:13     | Reached XP level 15. HP: 56/88 MP: 25/32
 44906 | D:13     | Reached skill level 16 in Conjurations
 45436 | D:13     | Found a gate to the Vaults.
 47639 | D:14     | Found Sibinot's Book Boutique.
 48219 | D:14     | Reached skill level 1 in Staves
 48240 | D:14     | Found a shadowy altar of Dithmenos.
 49137 | D:15     | Entered Level 15 of the Dungeon
 51240 | D:15     | Reached skill level 5 in Staves
 52017 | D:15     | Reached XP level 16. HP: 85/92 MP: 29/33
 52123 | D:15     | Found a staircase to the Depths.
 52337 | Swamp:1  | Entered Level 1 of the Swamp
 53469 | Swamp:1  | Noticed Louise
 53476 | Swamp:1  | Killed Louise
 54165 | Swamp:1  | Noticed Roxanne
 54173 | Swamp:1  | Killed Roxanne
 56047 | Swamp:2  | Killed from afar by a will-o-the-wisp

Illustrated notes

Levels and vault maps discovered:
D:1:      lemuel_arrival_rhombus, layout_basic,
          ebering_ecumenical_altar_abandoned, serial_corexii_hall,
          corexii_hall_statues_s, corexii_hall_statues_l,
          chequers_hall_statues_corner_a, chequers_hall_statues_y,
          minmay_box_of_dots
D:2:      layout_basic
D:3:      cheibrodos_helix_gallery, layout_loops_corners, minmay_liquid_box,
          uniq_grinder, uniq_ijyb
D:4:      gammafunk_wand_slinger, layout_loops_ring,
          nicolae_ru_the_path_less_chosen, enter_ossuary_3, serial_shops,
          nicolae_take_the_stairs, st_stairs_2, serial_park_tiny_pond,
          grunt_ministairs_10, uniq_robin
D:5:      layout_cave_pools, mainiacjoe_overflow_catwalk_spiral,
          ebering_ghost_sewer_d, chequers_serial_rivers_small_3,
          saegor_snake_ambush, uniq_sigmund, uniq_prince_ribbit1
D:6:      layout_gridville, zin_statuary, okawaru_trees_1,
          minmay_temple_entry_sparse_star, uniq_maggie, uniq_edmund,
          uniq_menkaure
D:7:      layout_basic, makhleb_blood_cavern_becter,
          nicolae_qazlal_scattered_showers, minmay_crystal_water, st_stairs_13
D:8:      layout_rooms
D:9:      layout_cave_pods, nicolae_tso_swordbearing_angel, kennysheep_boxes
D:10:     layout_loops_ring, mainiacjoe_overflow_brackets,
          minmay_lair_entry_grove, gammafunk_ghost_necromancy,
          lightli_elemental_guards, uniq_josephine
D:11:     layout_big_octagon, nzn_life_drinkers
D:12:     layout_basic, orc_0_dummy, grunt_decor_clamped
D:13:     layout_cave_pools, grunt_vaults_entry_tiered, serial_column_ruins,
          column_ruins_hut_ruined, column_ruins_open_tiny,
          column_ruins_columns_straight, column_ruins_columns_water,
          column_ruins_open_tiny, column_ruins_corridor_T,
          column_ruins_columns_T, column_ruins_open_tiny_water, enter_bailey_5
D:14:     layout_roguey, serial_corexii_hall, chequers_hall_statues_wall_a,
          corexii_hall_statues_i, nicolae_dithmenos_shadow_blocks, serial_shops,
          shop, minmay_more_statues
D:15:     gammafunk_enter_depths_forms, layout_basic
Lair:1:   layout_chaotic_city, infiniplex_staircase_pool_2,
          minmay_lair_oklob_chamber
Lair:2:   layout_hall_layers, skrybe_swamp_entry_bodies
Lair:3:   layout_long_grid, spider_nest_entry_webs, gammafunk_ghost_ooze,
          uniq_sonja
Lair:4:   layout_regular_city
Lair:5:   layout_misc_corridors, slime_altar_1, kennysheep_rathole
Lair:6:   evilmike_catoblepas_cave, layout_concentric_octagons
Swamp:1:  layout_falls_marsh, hangedman_swamp_ruin_hall, swamp_pool1,
          uniq_louise, uniq_roxanne
Swamp:2:  nzn_winding_woodlands_small [nzn_winding_woodlands_5x15_sidewinder,
          nzn_winding_woodlands_center_garden,
          nzn_winding_woodlands_5x15_split_checker], layout_falls_marsh,
          portal_ice_cave_entry_dragon, evilmike_swamp_ruin_house_5
Orc:1:    nicolae_orc_accident_3, layout_diamond_mine, basic_altar,
          nicolae_orc_tapped_out
Orc:2:    grunt_orc_gardens, layout_caves, grunt_orc_garden, grunt_orc_garden,
          grunt_orc_garden, grunt_orc_garden, serial_shops,
          nicolae_shop_waterfront, shop, nicolae_shop_statue_plus, shop

Skill      XL: |  1  2  3  4  5  6  7  8  9 10 11 12 13 14 15 16 |
---------------+-------------------------------------------------+-----
Spellcasting   | 4 6 |  6.5
Conjurations   | 5 6 9 12 13 15 16 | 16.6
Hexes          | 3 5 7 |  7.4
Translocations | 2 4 6 |  6.2
Poison Magic   | 2 4 |  4.2
Armour         | 1 3 4 5 |  5.5
Dodging        | 3 6 |  6.3
Stealth        | 4 |  4.0
Air Magic      | 1 |  1.3
Fire Magic     | 4 8 11 13 14 | 14.4
Evocations     | 2 4 |  4.0
Fighting       | 3 |  3.7
Shields        | 1 |  1.9
Earth Magic    | 4 8 11 14 | 14.7
Staves         | 5 6 |  6.5

Action                   |  1- 3 |  4- 6 |  7- 9 | 10-12 | 13-15 | 16-18 || total
-------------------------+-------+-------+-------+-------+-------+-------++-------
Melee: Staff             |       |     8 |     2 |     2 |       |       ||    12
       Unarmed           |       |     1 |       |       |       |       ||     1
       Quarterstaff      |       |       |       |     6 |    35 |       ||    41
 Cast: Magic Dart        |    63 |    40 |   181 |   116 |   105 |     5 ||   510
       Searing Ray       |     2 |    14 |    64 |    60 |    37 |       ||   177
       Fulminant Prism   |       |     1 |    15 |    54 |    60 |     3 ||   133
       Mephitic Cloud    |       |       |     4 |     6 |     9 |       ||    19
       Iskenderun's Myst |       |       |    11 |    56 |    15 |     1 ||    83
       Starburst         |       |       |       |    12 |   169 |    15 ||   196
       Iron Shot         |       |       |       |       |   125 |    23 ||   148
Invok: Curse Item        |       |       |     3 |     3 |     3 |       ||     9
       Shatter the Chain |       |       |       |       |     2 |       ||     2
Evoke: Wand              |       |       |     1 |       |     3 |     1 ||     5
  Use: Scroll            |       |     3 |     2 |     1 |     1 |       ||     7
       Potion            |       |       |     1 |       |       |       ||     1
Armor: Robe              |       |     6 |    25 |     2 |       |       ||    33
       Acid dragon scale |       |       |       |    24 |       |       ||    24
       Swamp dragon scal |       |       |       |    29 |    61 |     3 ||    93
Dodge: Dodged            |     2 |    26 |    88 |   118 |   149 |     2 ||   385
Block: Other             |       |       |     2 |    37 |    44 |       ||    83
       Reflection        |       |       |       |     4 |    11 |       ||    15
